AoeStats
← chrisdachris95

Arena

510624289Analyzed
1v1 RM · 22h ago on Oct 1, 2026· 52m 50s· 2 players
Game mode
Random Map
Map size
Tiny (2 player)
Population
200
Speed
Normal
Resources
Standard
Victory
Conquest
Starting age
Dark Age
Ending age
Imperial Age
RankedLock teamsTeams togetherTeam positionsShared explorationLock speedFull tech treeHidden civsTurbo modeCheats
Victory
Defeat
🇦🇷 Byzantines · Argentina
690
+16
🇩🇪 Franks · Germany
690
-16
hormaeche96
12:50 Feudal Age
18:10 Castle Age
17:02 Double-Bit Axe
17:51 Gold Mining
17:46 Horse Collar
20:29 Pikeman
21:14 Squires
25:20 Forging
27:05 Wheelbarrow
27:09 Gold Shaft Mining
27:21 Gambesons
28:15 Iron Casting
27:42 Scale Mail Armor
30:01 Hand Cart
38:12 Imperial Age
36:35 Ballistics
40:52 Chemistry
40:03 Elite Varangian Guard
chrisdachris95
11:31 Feudal Age
16:08 Castle Age
18:41 Double-Bit Axe
18:51 Stone Mining
19:58 Wheelbarrow
21:08 Husbandry
22:10 Gold Mining
23:45 Scale Mail Armor
23:51 Scale Barding Armor
25:19 Hand Cart
25:33 Bow Saw
26:48 Gold Shaft Mining
30:01 Ballistics
29:47 Murder Holes
34:06 Imperial Age
34:10 Cavalier
35:24 Chivalry
34:53 Capped Ram
35:19 Elite Throwing Axeman
40:07 Paladin
Connection lost

Rejoining the realm…

Still unreachable

The connection could not be restored.

Session expired

The server has moved on; the page needs a fresh start.